 Dungeon Crawl Stone Soup version 0.30-a0-715-gdb4ae3ece1 (webtiles) character file.

Game seed: 14430997504871424261

65 Shayle the Conjurer (level 3, -20/28 HPs)
             Began as a Demonspawn Reaver on Jan 24, 2023.
             Killed by an exploding scorpion (32 damage)
             ... ignited by their inner flame
             ... on level 4 of the Dungeon.
             The game lasted 00:05:41 (1792 turns).

Shayle the Conjurer (Demonspawn Reaver)             Turns: 1792, Time: 00:05:41

Health: -20/28     AC:  5    Str: 12    XL:     3   Next: 92%
Magic:  6/6        EV: 11    Int: 16    God:
Gold:   118        SH:  0    Dex: 13    Spells: 5/6 levels left

rFire   . . .      SeeInvis .    a - +0 spear
rCold   . . .      Faith    .    (no shield)
rNeg    . . .      Spirit   .    j - +0 ring mail
rPois   .          Reflect  .    (no helmet)
rElec   .          Harm     .    (no cloak)
rCorr   .          Rampage  .    (no gloves)
Will    .....                    (no boots)
Stlth   +                        (no amulet)
HPRegen 0.24/turn                (no ring)
MPRegen 0.10/turn                (no ring)

@: confused, weak-willed
A: thin skeletal structure 1, demonic guardian 1
a: no special abilities


You were on level 4 of the Dungeon.
You visited 1 branch of the dungeon, and saw 4 of its levels.

You collected 118 gold pieces.

Inventory:

Hand Weapons
 a - a +0 spear (weapon)
Armour
 b - a +0 leather armour
 j - a +0 ring mail (worn)
Jewellery
 k - a +4 ring of slaying
Scrolls
 i - 2 scrolls of enchant armour
 l - 2 scrolls of amnesia
Potions
 c - a potion of degeneration {unknown}
 d - a potion of berserk rage {unknown}
 e - a potion of magic {unknown}
 g - 3 potions of curing
 m - 2 potions of mutation {unknown}
 o - a potion of heal wounds {unknown}
 p - a potion of lignification {unknown}


   Skills:
 + Level 2.7 Fighting
 - Level 2.6 Polearms
 + Level 2.4 Dodging
 + Level 1.5 Stealth
 - Level 2.0 Spellcasting
 - Level 3.0 Conjurations
 + Level 1.6 Hexes


You had 5 spell levels left.
You knew the following spells:

 Your Spells              Type           Power      Damage    Failure   Level
a - Kiss of Death         Conj/Necr      24%        2d7       26%         1

Your spell library contained the following spells:

 Spells                   Type           Power      Damage    Failure   Level
 Momentum Strike          Conj/Tloc      12%        3d8       36%         2
 Beastly Appendage        Tmut           2%         N/A       43%         1
 Wereblood                Tmut           1%         N/A       56%         2
 Hailstorm                Conj/Ice       6%         3d4       58%         3
 Spider Form              Tmut/Pois      1%         N/A       80%         3


Dungeon Overview and Level Annotations

Branches:
Dungeon (4/15)
 Temple: D:4-7

Altars:
Wu Jian

Shops:
D:2 [


Innate Abilities, Weirdness & Mutations

You have a somewhat thin skeletal structure. (Dex +2, Stealth+)
A weak demonic guardian rushes to your aid.


Message History

The orc moves out of view.
You hear a shout!
As you read the scroll labelled QUFEASONTE, it crumbles to dust.
It is a scroll of identify.
l - 2 scrolls of amnesia The scorpion stings you. x2
As you read the scroll of identify, it crumbles to dust.
i - 2 scrolls of enchant armour The scorpion stings you but does no damage.
The orc wizard casts a spell.
The orc wizard flickers and vanishes!
Deactivating autopickup; reactivate with Ctrl-A.
As you read the scroll labelled TIOWYA WANYWN, it crumbles to dust.
The creatures around you are filled with an inner flame!
It was a scroll of immolation.
The scorpion stings you. Something hits you but does no damage.
The orc priest barely misses you.
As you read the scroll labelled EGOGIN BACRAWE, it crumbles to dust.
Magic quickly surges around you.
It was a scroll of vulnerability.
The scorpion stings you.
The orc jeers loudly.
Something hits you.
The orc priest hits you with a +0 hand axe.
* * * LOW HITPOINT WARNING * * *
A demonic guardian appears!
Okay, then.
It was a potion of curing.
You feel better.
The scorpion stings you but does no damage.
You hear some strange, mumbled words.
You are confused.
Your shadow imp hits the endoplasm.
The endoplasm explodes!
Your demonic guardian avoids your attack.
The fiery explosion engulfs something!!
Reactivating autopickup.
You feel a bit more experienced.
The fiery explosion engulfs the scorpion!!!
The scorpion explodes!
The fiery explosion engulfs you!!
Ouch! That really hurt!
You die...

#.... ....# ....##
....# #... .oS#.# #...
oo#.# #...o #o#.# .
#.... ##@#.######..
#.....####§§#.#......
......#..5§##......
.........§§#..##.#
.....($..........#
###........#...<##
.......................
##.........#...........
..............####.....


You could see an orc priest (inner flame, weak-willed), 3 orcs, a ball python
(inner flame, weak-willed) and a friendly shadow imp (summoned).

Vanquished Creatures
  A scorpion (D:4)
  An orc wizard (D:4)
  2 adders (D:2)
  3 worms (D:2)
  2 dart slugs
  An endoplasm (D:2)
  A giant cockroach (D:2)
  3 goblins (D:1)
  2 hobgoblins (D:1)
  3 jackals (D:1)
  2 ball pythons (D:1)
  3 bats
  A frilled lizard (D:1)
  4 kobolds
  5 rats
34 creatures vanquished.

Vanquished Creatures (collateral kills)
  A worm (D:2)
  An endoplasm (D:4)
  A kobold (D:2)
3 creatures vanquished.

Grand Total: 37 creatures vanquished

Notes
Turn   | Place    | Note
-------+----------+-------------------------------------------
     0 | D:1      | Shayle the Demonspawn Reaver began the quest for the Orb.
     0 | D:1      | Reached XP level 1. HP: 16/16 MP: 3/3
   231 | D:1      | Gained mutation: You have a somewhat thin skeletal
                  | structure. (Dex +2, Stealth+) [demonic ancestry]
   231 | D:1      | Reached XP level 2. HP: 17/22 MP: 5/5
   523 | D:1      | Reached skill level 1 in Hexes
   750 | D:2      | Reached skill level 1 in Stealth
   750 | D:2      | Gained mutation: A weak demonic guardian rushes to your
                  | aid. [demonic ancestry]
   750 | D:2      | Reached XP level 3. HP: 27/28 MP: 6/6
   758 | D:2      | Found an ornate altar of the Wu Jian Council.
   864 | D:2      | Found Biuffed's Antique Armour Shop.
  1756 | D:3      | Noticed a black bear
  1774 | D:4      | Noticed a scorpion
  1792 | D:4      | Killed a scorpion
  1792 | D:4      | Killed by an exploding scorpion... ignited by their inner
                  | flame

Illustrated notes

Levels and vault maps discovered:
D:1:      wander_arrival_chamber, layout_rooms
D:2:      layout_basic, basic_altar, serial_shops, nicolae_square_shop
D:3:      layout_basic
D:4:      cheibrodos_helix_gallery, layout_rooms, kiku_gazebo_garden_becter,
          gup_ossuary_entry_pyramid, ebering_ghost_sewer_f,
          gup_sewer_entry_bubbles, kennysheep_generic_room_4

Skill      XL: |  1  2 |
---------------+-------+-----
Dodging        | 2 |  2.4
Hexes          | 1 |  1.6
Stealth        | 1 |  1.5
Fighting       | |  2.7
Polearms       | |  2.6
Spellcasting   | |  2.0
Conjurations   | |  3.0

Action                     || total
---------------------------++-------
  Melee: Spear             ||   162
    Use: Scroll            ||     4
         Potion            ||     1
   Stab: Sleeping          ||     4
 Armour: Leather armour    ||    21
         Ring mail         ||    31
  Dodge: Dodged            ||    73

Table legend: (Time is in decaauts)
 A = Elapsed time spent in this place.
 B = Non-inter-level travel time spent in this place.
 C = Inter-level travel time spent in this place.
 D = Time resting spent in this place.
 E = Time spent auto-exploring this place.
 F = Levels seen in this place.
 G = Mean time per level.
                   A        B        C        D        E       F      G
               +--------+--------+--------+--------+--------+-----+--------+
         Total |   1787 |   1754 |     33 |    108 |   1036 |   4 |  446.8 |
       Dungeon |   1787 |   1754 |     33 |    108 |   1036 |   4 |  446.8 |
               +--------+--------+--------+--------+--------+-----+--------+

Top non-repeatable levels by time:
     D:2: 938 daAuts
     D:1: 672 daAuts
     D:3: 153 daAuts
     D:4: 23 daAuts
